 Dungeon Crawl Stone Soup version 0.29.1-1-gd02db6906a (webtiles) character file.

Game seed: 8237356929941988645

11 Madoushi the Trooper (level 2, 18/27 HPs)
             Began as a Minotaur Berserker on Sept 14, 2022.
             Was a Follower of Trog.
             Quit the game on level 1 of the Dungeon on Oct 10, 2022.
             The game lasted 00:02:37 (456 turns).

Madoushi the Trooper (Minotaur Berserker)            Turns: 456, Time: 00:02:38

Health: 18/27      AC:  3    Str: 21    XL:     2   Next: 13%
Magic:  1/1        EV:  9    Int:  4    God:    Trog [*.....]
Gold:   12         SH:  6    Dex:  9    Spells: 1/1 levels left

rFire   . . .      SeeInvis .   a - +0 hand axe
rCold   . . .      Faith    .   f - +0 kite shield
rNeg    . . .      Spirit   .   g - +0 leather armour
rPois   .          Reflect  .   (helmet restricted)
rElec   .          Harm     .   (no cloak)
rCorr   .          Rampage  .   (no gloves)
Will    .....                   (no boots)
Stlth   +.........              (no amulet)
HPRegen 0.09/turn               (no ring)
MPRegen 0.07/turn               (no ring)

@: no status effects
A: horns 2, retaliatory headbutt
a: Renounce Religion, Berserk


You were on level 1 of the Dungeon.
You worshipped Trog.
Trog was aware of your devotion.
You visited 1 branch of the dungeon, and saw 1 of its levels.

You collected 12 gold pieces.

Inventory:

Hand Weapons
 a - a +0 hand axe (weapon)
Missiles
 c - a throwing net (quivered)
Armour
 b - a +0 animal skin
 f - a +0 kite shield (worn)
 g - a +0 leather armour (worn)
Potions
 d - a potion of berserk rage {unknown}
 e - a potion of heal wounds {unknown}


   Skills:
 + Level 3.9 Fighting
 + Level 3.9 Axes
 + Level 2.6 Armour
 + Level 2.3 Dodging


You had one spell level left.
You didn't know any spells.
Your spell library was empty.

Dungeon Overview and Level Annotations

Branches:
Dungeon (1/15)

Altars:


Innate Abilities, Weirdness & Mutations

You have a pair of horns on your head.
You reflexively headbutt those who attack you in melee.


Message History

A quokka comes into view.
A quokka is nearby!
You hit the quokka but do no damage. Your headbutt misses the quokka.
The quokka bites you but does no damage.
You closely miss the quokka. The quokka bites you. x2
You hit the quokka.
The quokka is almost dead.
The quokka bites you. You block the quokka's attack.
You barely miss the quokka.
The quokka is almost dead.
The quokka barely misses you.
You miss the quokka.
The quokka is almost dead.
The quokka closely misses you. You furiously retaliate!
You headbutt the quokka.
You kill the quokka!
Trog accepts your kill.
You see here a quokka corpse.
A giant cockroach comes into view.
The giant cockroach barely misses you.
The giant cockroach bites you but does no damage.
The giant cockroach bites you but does no damage.
You hit the giant cockroach.
The giant cockroach is moderately wounded.
The giant cockroach bites you.
You closely miss the giant cockroach. You headbutt the giant cockroach.
The giant cockroach is heavily wounded.
The giant cockroach bites you. The giant cockroach closely misses you.
You barely miss the giant cockroach.
The giant cockroach is heavily wounded.
You block the giant cockroach's attack. The giant cockroach closely misses you.
You hit the giant cockroach.
You kill the giant cockroach!
Trog accepts your kill.
Saving game... please wait.
Welcome back, Madoushi the Minotaur Berserker.
Trog says: Kill them all!
Press ? for a list of commands and other information.
Unknown command.
Are you sure you want to abandon this character and quit the game? (Confirm with "yes".)

#.. #..... ...#.. #.##.#
#.##.# #.##.# #.##.# #
...#####@##.###..##
..................##..#
....#.##.##.###....#..# # #
#.##.##.# .#..#
#.#.###.##.#..# #..#
.......##.#†## ##..#
#####.##...#>#.# ##...#
...............# #....###
########...##........+..<.'.#


There were no monsters in sight!

Vanquished Creatures
  2 giant cockroaches (D:1)
  2 goblins (D:1)
  A hobgoblin (D:1)
  A quokka (D:1)
  A bat (D:1)
  A frilled lizard (D:1)
  A kobold (D:1)
  A rat (D:1)
10 creatures vanquished.

Notes
Turn   | Place    | Note
-------+----------+-------------------------------------------
     0 | D:1      | Madoushi the Minotaur Berserker began the quest for the
                  | Orb.
     0 | D:1      | Reached XP level 1. HP: 19/19 MP: 0/0
   429 | D:1      | Reached XP level 2. HP: 27/27 MP: 1/1
   456 | D:1      | Upgraded the game from 0.29.1 to 0.29.1-1-gd02db6906a
   456 | D:1      | Quit the game

Illustrated notes

Levels and vault maps discovered:
D:1:      giann_horns, layout_loops_ring, hellmonk_ecumenical_altar_blasted

Action                   || total
-------------------------++-------
Melee: Hand axe          ||    28
       Headbutt          ||     1
 Stab: Sleeping          ||     1
Armor: Leather armour    ||     6
       Animal skin       ||     1
Dodge: Dodged            ||    13
Block: Kite shield       ||     4
